 Dungeon Crawl Stone Soup version 0.19.1-1-g22dce08 (webtiles) character file.

110961 Cyber the Eclecticist (level 16, 0/99 HPs)
             Began as a Deep Elf Conjurer on Jan 2, 2017.
             Was a High Priest of Vehumet.
             Slain by a hornet (2 damage)
             ... on level 4 of the Spider Nest.
             The game lasted 03:05:16 (35585 turns).

Cyber the Eclecticist (Deep Elf Conjurer)          Turns: 35585, Time: 03:05:17

Health: 0/99       AC:  1    Str:  6      XL:     16   Next: 8%
Magic:  0/40       EV: 18    Int: 27      God:    Vehumet [*****.]
Gold:   1503       SH:  0    Dex: 14 (15) Spells: 11 memorised, 11 levels left

rFire  + . .     SeeInvis +     Q - +5 blowgun
rCold  . . .     Gourm    .     o - +2 leather armour "Fyawur" {*Corrode rElec rPois Stlth+}
rNeg   . . .     Faith    .     R - +0 buckler
rPois  +         Spirit   .     Y - +1 hat
rElec  +         Reflect  +     r - +0 cloak
rCorr  .         Harm     .     Z - +1 pair of gloves
MR     +....                    g - +0 pair of boots
Stlth  ++........               e - +3 amulet of reflection
                                O - ring of see invisible
                                h - ring of protection from fire

@: confused, about to teleport, corroded
A: molten scales 1
a: Renounce Religion


You were on level 4 of the Spider Nest.
You worshipped Vehumet.
Vehumet was extremely pleased with you.
You were not hungry.

You visited 4 branches of the dungeon, and saw 26 of its levels.

You collected 1503 gold pieces.

Inventory:

Hand Weapons
 l - a +1 short sword of flaming
 Q - a +5 blowgun (weapon)
Missiles
 H - 70 poisoned needles (quivered)
Armour
 g - a +0 pair of boots (worn)
 o - the +2 leather armour "Fyawur" (worn) {*Corrode rElec rPois Stlth+}
   (You found it on level 6 of the Dungeon)

   It insulates you from electricity.
   It protects you from poison.
   It may corrode you when you take damage.
   It makes you more stealthy.
 r - a +0 cloak (worn)
 R - a +0 buckler (worn)
 Y - a +1 hat (worn)
 Z - a +1 pair of gloves (worn)
Jewellery
 b - an uncursed amulet of faith {unknown}
 e - a +3 amulet of reflection (around neck)
 h - a ring of protection from fire (left hand)
 K - an uncursed ring of resist corrosion {unknown}
 O - a ring of see invisible (right hand)
Wands
 d - a wand of slowing (24/48)
 w - a wand of disintegration (15/24)
 B - a wand of heal wounds (0/9)
 J - a wand of teleportation (0/9)
 M - a wand of confusion (22/48)
Scrolls
 m - a scroll of recharging
 s - 2 scrolls of teleportation
 u - 7 scrolls of magic mapping
 y - 3 scrolls of fear
 E - 6 scrolls of remove curse
 F - 2 scrolls of enchant weapon
 G - 2 scrolls of amnesia
Potions
 f - 6 potions of curing
 i - 2 potions of cure mutation
 j - 4 potions of lignification
 q - 2 potions of berserk rage
 x - 2 potions of brilliance
 A - 2 potions of resistance
 C - 4 potions of haste
 D - 3 potions of invisibility
 L - 4 potions of mutation
 P - a potion of ambrosia
 T - a potion of beneficial mutation
 U - a potion of agility
 X - a potion of might
Miscellaneous
 a - a phantom mirror
 N - a box of beasts
 W - a lamp of fire
Comestibles
 c - 8 bread rations
 p - 6 fruits
 t - 3 slices of pizza
 v - 5 beef jerkies
 z - 7 meat rations


   Skills:
 - Level 10.8 Fighting
 * Level 7.0 Armour
 - Level 10.6 Dodging
 - Level 2.4 Stealth
 - Level 5.5 Shields
 - Level 18.5 Spellcasting
 + Level 10.2 Conjurations
 - Level 10.1 Charms
 - Level 10.4 Summonings
 - Level 9.0 Air Magic
 - Level 3.1 Evocations


You had 11 spell levels left.
You knew the following spells:

 Your Spells              Type           Power        Failure   Level  Hunger
a - Magic Dart            Conj           ####         1%          1    None
b - Searing Ray           Conj           ######       1%          2    None
c - Dazzling Spray        Conj/Hex       ######       1%          3    None
d - Iskenderun's Battles  Conj/Chrm      ######..     1%          5    None
e - Iskenderun's Mystic   Conj           ######..     1%          4    None
f - Summon Lightning Spi  Summ/Air       ######..     1%          4    None
g - Regeneration          Chrm/Necr      ######....   1%          3    None
h - Apportation           Tloc           ####......   2%          1    None
i - Orb of Destruction    Conj           ######....   11%         7    ####...
j - Freezing Cloud        Conj/Ice/Air   ######....   9%          6    ##.....
k - Lee's Rapid Deconstr  Erth           ####......   30%         5    None


Dungeon Overview and Level Annotations

Branches:
Dungeon (15/15)            Temple (1/1) D:6            Lair (6/6) D:9
  Swamp (0/4) Lair:2       Spider (4/4) Lair:4        Slime (0/5) Lair:5
    Orc (0/2) D:10         Vaults (0/5) D:13         Depths (0/5) D:15

Altars:
Cheibriados
Dithmenos
Elyvilon
Fedhas
Gozag
Hepliaklqana
Kikubaaqudgha
Makhleb
Nemelex Xobeh
Okawaru
Qazlal
Ru
Sif Muna
Trog
Uskayaw
Vehumet
Yredelemnul
Zin
The Shining One

Shops:
D:4 (   D:6 ?   D:13 *

Annotations:
Lair:3 exclusion: lightning spire, galech's ghost, journeyman DDFi
Spider:2 Arachne; Nikola


Innate Abilities, Weirdness & Mutations

You are partially covered in molten scales. (AC +2)


Message History

* * * LOW HITPOINT WARNING * * *
The hornet stings you.
* * * LOW HITPOINT WARNING * * *
The entropy weaver casts a spell.
The entropic weave corrodes you! The redback bites you.
* * * LOW HITPOINT WARNING * * *
Okay, then.
Evoke which item? (* to show all) (? for menu, Esc to quit)
Zapping:
B - a wand of heal wounds {zapped: 3} (will waste charges)
Press: ? - help, Shift-Dir - straight line, f - you Nothing appears to happen.
Evoking this partially-identified wand wasted a few charges.
The tarantella hisses angrily.
The hornet barely misses you. The hornet completely misses you.
The ghost moth stares at you.
You feel your power leaking away. The redback bites you.
* * * LOW HITPOINT WARNING * * *
The hornet stings you.
You die...

.........##,,**,*****,,,,,,,,,,,,
.........#,,**,..##^...,,,,*,,,*,
.........#,**,,.......*,,,***,***
.........#**,,*#.....##*,,,*,,,*,
.........####**#......#.,,,,,,,,,
............,,,+s.......,,,,,,,,,
...........,,,,+sy......,,,,,,,,,
..........,,,,,+sya..s..,,,,,,,,,
.........#*****#@ss..^#,,,,,,,,,,
.........#**,,*#sy...##*,,,*,,,*,
.........#,**,,..s..^.#,,,***,***
.........#,,**...##.....,,,*,,,*,
.........##,,##.##*##...,,,,,,,,,
..........##,,##* ***..,,,,,,,,,
...........##,,,****,,,s,,,,***,,
...........^##,,,,,,,,,,,,***,***
.............###,,,,****,,,,,,,,,


You could see a ghost moth (invisible), an entropy weaver, a wolf spider, 2
hornets, 5 tarantellas and 3 redbacks.

Vanquished Creatures
  Asterion (Spider:1)
  An emperor scorpion (Spider:4)
  An entropy weaver (Spider:1)
  The ghost of esteth the Severer, a journeyman MiFi of Makhleb (Lair:6)
  A spark wasp (Spider:1)
  A dire elephant (D:15)
  Fannar (D:10)
  Harold (Lair:2)
  6 hydras
  2 ogre magi
  2 centaur warriors (D:13)
  The ghost of Yoshimo the Basher, a novice DgSk (D:11)
  A skeletal warrior (D:13)
  2 unseen horrors
  5 hill giants
  An orange crystal statue (D:15)
  Pikel (D:7)
  3 orc knights
  9 orb spiders
  20 wolf spiders
  14 ugly things
  5 cyclopes
  A moth of wrath (Spider:3)
  A salamander (D:15)
  2 manticores
  6 black mambas
  14 elephants
  An ice statue (D:12)
  Maurice (D:8)
  9 centaur skeletons
  A torpor snail (Spider:1)
  19 spiny frogs
  A rime drake (Lair:2)
  A yaktaur (D:13)
  7 demonic crawlers
  4 ice devils (D:12)
  7 komodo dragons
  A tengu conjurer (D:13)
  A merfolk (D:12)
  4 trolls
  19 jumping spiders
  3 hornets
  8 two-headed ogres
  Prince Ribbit (D:7)
  A tyrant leech (Lair:6)
  A polar bear (Lair:4)
  8 hippogriffs
  13 blink frogs
  3 slime creatures (D:12)
  A meliai zombie (D:13)
  11 dream sheep
  Sigmund (D:6)
  34 yaks
  43 redbacks
  A shadow (D:10)
  15 tarantellas
  2 wraiths
  A vampire (D:12)
  2 wyverns
  5 basilisks
  A hungry ghost (D:14)
  A steam dragon (D:13)
  11 vampire mosquitoes
  Menkaure (D:4)
  2 wargs
  A mottled dragon (D:15)
  5 swamp worms (Lair:2)
  13 water moccasins
  7 porcupines
  A meliai simulacrum (D:15)
  4 black bears
  4 ice beasts
  10 orc warriors
  2 slaves (D:7)
  10 ogres
  A phantom (D:10)
  20 wolves
  A centaur (D:12)
  9 crocodiles
  The ghost of Paps the Firebug, an amateur DsFE (D:3)
  2 big kobolds
  Blork the orc (D:4)
  26 bullfrogs
  A bullfrog (shapeshifter) (D:13)
  A wyvern skeleton (D:11)
  A scorpion (D:6)
  17 wights
  5 killer bees (D:13)
  4 howler monkeys
  4 electric eels
  7 crimson imps
  3 hounds
  A bullfrog zombie (D:13)
  5 centaur zombies
  4 jellies
  15 orc wizards
  10 orc priests
  4 bullfrog skeletons
  6 iguanas
  7 worker ants
  A hound skeleton (D:5)
  4 gnolls (D:3)
  6 adders
  A howler monkey skeleton (D:5)
  2 shadow imps
  5 ufetubi (D:12)
  An ooze (D:3)
  3 adder skeletons
  An adder zombie (D:5)
  3 worms
  4 dart slugs
  5 leopard geckos
  43 orcs
  3 bats
  3 giant cockroaches
  6 goblins
  5 hobgoblins
  9 jackals
  5 quokkas
  2 frilled lizards
  A giant cockroach zombie (D:5)
  17 kobolds
  2 rats
  4 plants (Lair:6)
699 creatures vanquished.

Vanquished Creatures (collateral kills)
  A hydra (Lair:5)
  Sonja (Lair:3)
  7 elephants
  2 ice devils (D:12)
  3 tyrant leeches (Lair:6)
  6 yaks
  2 vampire mosquitoes
  A water moccasin (Lair:4)
  A porcupine (Lair:2)
  5 wolves
  A crocodile (Lair:2)
  An ufetubus (D:12)
  A fungus (Lair:6)
32 creatures vanquished.

Vanquished Creatures (others)
  Joseph (Lair:1)
  A yaktaur (D:13)
  A jumping spider (Spider:4)
  A centaur (D:15)
  A giant cockroach (D:7)
  18 fungi
  28 plants
51 creatures vanquished.

Grand Total: 782 creatures vanquished

Notes
Turn   | Place    | Note
-------+----------+-------------------------------------------
     0 | D:1      | Cyber the Deep Elf Conjurer began the quest for the Orb.
     0 | D:1      | Reached XP level 1. HP: 10/10 MP: 6/6
   181 | D:1      | Reached XP level 2. HP: 15/15 MP: 4/8
   657 | D:2      | Reached skill level 5 in Conjurations
   699 | D:2      | Reached skill level 4 in Spellcasting
   699 | D:2      | Reached XP level 3. HP: 19/19 MP: 7/10
   780 | D:2      | Found a hazy altar of Hepliaklqana.
   780 | D:2      | Found a hide-covered altar of Uskayaw.
   925 | D:2      | Learned a level 2 spell: Searing Ray
   929 | D:2      | Learned a level 3 spell: Dazzling Spray
   954 | D:3      | Reached XP level 4. HP: 23/24 MP: 5/12
  1530 | D:3      | Noticed Paps's ghost (amateur DsFE)
  1533 | D:3      | Killed Paps's ghost
  1533 | D:3      | Reached skill level 5 in Spellcasting
  1533 | D:3      | Reached XP level 5. HP: 28/28 MP: 9/15
  1540 | D:3      | Learned a level 5 spell: Iskenderun's Battlesphere
  1719 | D:3      | Reached skill level 1 in Charms
  1892 | D:4      | Found a sacrificial altar of Ru.
  1904 | D:4      | Noticed Menkaure
  1910 | D:4      | Killed Menkaure
  1910 | D:4      | Reached skill level 6 in Spellcasting
  1910 | D:4      | Reached XP level 6. HP: 32/32 MP: 7/17
  2396 | D:4      | Found Zueziph's Weapon Shop.
  2422 | D:4      | Noticed Blork the orc
  2436 | D:4      | Killed Blork the orc
  2717 | D:5      | Entered Level 5 of the Dungeon
  2746 | D:5      | Found a glowing golden altar of the Shining One.
  3094 | D:5      | Reached XP level 7. HP: 36/36 MP: 14/19
  3199 | D:5      | Reached skill level 7 in Spellcasting
  3393 | D:6      | Reached skill level 1 in Fighting
  3795 | D:6      | Found Fietijah's Magic Scroll Emporium.
  3802 | D:6      | Reached skill level 5 in Charms
  3920 | D:6      | Got a heavily runed leather armour
  3931 | D:6      | Identified the +2 leather armour "Fyawur" {*Corrode rElec rPois Stlth+} (You found it on level 6 of the Dungeon)
  4096 | D:6      | Found a staircase to the Ecumenical Temple.
  4101 | D:6      | Noticed Sigmund
  4109 | D:6      | Killed Sigmund
  4109 | D:6      | Reached XP level 8. HP: 21/44 MP: 12/21
  4116 | Temple   | Entered the Ecumenical Temple
  4276 | Temple   | Became a worshipper of Vehumet
  4356 | D:6      | Noticed a two-headed ogre
  4363 | D:6      | Learned a level 4 spell: Iskenderun's Mystic Blast
  4368 | D:6      | Killed a two-headed ogre
  4368 | D:6      | Reached skill level 8 in Spellcasting
  5043 | D:7      | Reached skill level 9 in Spellcasting
  5160 | D:7      | Noticed Pikel
  5165 | D:7      | Killed Pikel
  5165 | D:7      | Reached XP level 9. HP: 52/52 MP: 23/24
  5373 | D:7      | Reached skill level 10 in Spellcasting
  5561 | D:7      | Reached * piety under Vehumet
  5561 | D:7      | Offered knowledge of Sandblast by Vehumet.
  5772 | D:7      | Noticed Prince Ribbit
  5776 | D:7      | Killed Prince Ribbit
  5776 | D:7      | Reached skill level 5 in Fighting
  5880 | D:8      | Noticed Maurice
  5884 | D:8      | Killed Maurice
  5884 | D:8      | Reached skill level 10 in Charms
  5888 | D:8      | You fall through a shaft!
  5971 | D:9      | Found a staircase to the Lair.
  5971 | D:9      | Noticed an elephant
  5989 | D:9      | Killed an elephant
  5989 | D:9      | Reached skill level 11 in Spellcasting
  5989 | D:9      | Reached XP level 10. HP: 6/60 MP: 3/27
  6993 | D:10     | Entered Level 10 of the Dungeon
  7039 | D:10     | Found a staircase to the Orcish Mines.
  7132 | D:10     | Noticed Fannar
  7139 | D:10     | Killed Fannar
  7139 | D:10     | Reached skill level 5 in Dodging
  7647 | D:10     | Noticed a hill giant
  7659 | D:10     | Killed a hill giant
  7659 | D:10     | Reached ** piety under Vehumet
  7659 | D:10     | Offered knowledge of Shock by Vehumet.
  7659 | D:10     | Reached skill level 12 in Spellcasting
  7888 | D:10     | Learned a level 4 spell: Summon Lightning Spire
  7960 | D:10     | Reached skill level 1 in Summonings
  8075 | D:10     | Reached XP level 11. HP: 66/66 MP: 14/29
  8434 | Lair:1   | Entered Level 1 of the Lair of Beasts
  8492 | Lair:1   | Noticed Joseph
  8500 | Lair:1   | Killed Joseph
  9071 | Lair:1   | Learned a level 3 spell: Regeneration
  9595 | Lair:2   | Noticed Harold
  9599 | Lair:2   | Killed Harold
  9599 | Lair:2   | Offered knowledge of Conjure Flame by Vehumet.
  9599 | Lair:2   | Reached skill level 13 in Spellcasting
  9599 | Lair:2   | Reached skill level 1 in Air Magic
 10564 | Lair:2   | Reached skill level 5 in Summonings
 10635 | Lair:2   | Found a staircase to the Swamp.
 10646 | Lair:2   | Reached *** piety under Vehumet
 10789 | Lair:3   | Noticed Sonja
 10793 | Lair:3   | Killed Sonja
 10899 | Lair:3   | Offered knowledge of Olgreb's Toxic Radiance by Vehumet.
 11042 | Lair:3   | Noticed an eight-headed hydra
 11049 | Lair:3   | Killed an eight-headed hydra
 11049 | Lair:3   | Reached XP level 12. HP: 45/73 MP: 7/31
 11242 | Lair:3   | Noticed galech's ghost (journeyman DDFi)
 12203 | Lair:4   | Learned a level 1 spell: Apportation
 12233 | Lair:4   | Reached skill level 14 in Spellcasting
 12660 | Lair:4   | Reached skill level 5 in Air Magic
 13061 | Lair:4   | Reached **** piety under Vehumet
 13069 | Lair:4   | Noticed an eight-headed hydra
 13077 | Lair:4   | Killed an eight-headed hydra
 13231 | Lair:4   | Found a hole to the Spider Nest.
 13824 | Lair:5   | Offered knowledge of Irradiate by Vehumet.
 14045 | Lair:5   | Noticed a five-headed hydra
 14050 | Lair:5   | Killed a five-headed hydra
 14050 | Lair:5   | Reached skill level 15 in Spellcasting
 14377 | Lair:5   | Learned a level 7 spell: Orb of Destruction
 14623 | Lair:5   | Reached XP level 13. HP: 80/80 MP: 27/34
 14644 | Lair:5   | Found a staircase to the Slime Pits.
 15386 | Lair:6   | Entered Level 6 of the Lair of Beasts
 15440 | Lair:6   | Reached skill level 10 in Fighting
 16467 | Lair:6   | Reached ***** piety under Vehumet
 16469 | Lair:6   | Offered knowledge of Freezing Cloud by Vehumet.
 16654 | Lair:6   | Noticed esteth's ghost (journeyman MiFi)
 17453 | Lair:6   | Gained mutation: You are partially covered in molten scales. (AC +2) [potion of beneficial mutation]
 18014 | Lair:6   | Killed esteth's ghost
 18322 | Lair:6   | Learned a level 6 spell: Freezing Cloud
 19507 | D:11     | Noticed Yoshimo's ghost (novice DgSk)
 19511 | D:11     | Killed Yoshimo's ghost
 19511 | D:11     | Reached XP level 14. HP: 88/88 MP: 16/35
 19917 | D:11     | Reached skill level 16 in Spellcasting
 20335 | D:12     | Found a stormy altar of Qazlal.
 20816 | D:12     | Offered knowledge of Bolt of Cold by Vehumet.
 22685 | D:13     | Reached skill level 10 in Summonings
 23904 | D:13     | Found a gate to the Vaults.
 24271 | D:13     | Found an opulent altar of Gozag.
 24277 | D:13     | Found Gozag's Platinum Reserve.
 24742 | D:14     | Reached skill level 1 in Shields
 24801 | D:14     | Reached skill level 17 in Spellcasting
 25134 | D:14     | Reached skill level 10 in Dodging
 25274 | D:14     | Offered knowledge of Lee's Rapid Deconstruction by Vehumet.
 25426 | D:14     | Learned a level 5 spell: Lee's Rapid Deconstruction
 26269 | D:15     | Entered Level 15 of the Dungeon
 26309 | D:15     | Found a shadowy altar of Dithmenos.
 27276 | D:15     | Reached skill level 1 in Evocations
 27315 | D:15     | Reached XP level 15. HP: 90/93 MP: 4/38
 27667 | D:15     | Found a staircase to the Depths.
 28586 | D:15     | Found a sparkling altar of Nemelex Xobeh.
 29551 | Spider:1 | Entered Level 1 of the Spider Nest
 29568 | Spider:1 | Reached skill level 1 in Armour
 29863 | Spider:1 | Offered knowledge of Lightning Bolt by Vehumet.
 29863 | Spider:1 | Reached skill level 18 in Spellcasting
 30558 | Spider:1 | Noticed Asterion
 30570 | Spider:1 | Killed Asterion
 30846 | Spider:1 | Reached skill level 5 in Shields
 31491 | Spider:2 | Noticed Nikola
 31794 | Spider:2 | Noticed Arachne
 32275 | Spider:2 | Reached skill level 5 in Armour
 32875 | Spider:3 | Offered knowledge of Poisonous Cloud by Vehumet.
 33676 | Spider:4 | Entered Level 4 of the Spider Nest
 34426 | Spider:4 | Identified 2 scrolls of acquirement
 34892 | Spider:4 | Reached skill level 10 in Conjurations
 35050 | Spider:4 | Reached XP level 16. HP: 77/99 MP: 27/40
 35585 | Spider:4 | HP: 2/99 [redback (5)]
 35585 | Spider:4 | Slain by a hornet

Skill      XL: |  1  2  3  4  5  6  7  8  9 10 11 12 13 14 15 16 |
---------------+-------------------------------------------------+-----
Conjurations   | 5 6 7 8 9 10 | 10.2
Spellcasting   | 4 5 6 7 9 11 12 13 15 17 18 | 18.5
Charms         | 3 4 6 8 10 | 10.1
Fighting       | 2 4 5 6 8 9 10 | 10.8
Dodging        | 3 6 7 10 | 10.6
Summonings     | 1 5 7 8 10 | 10.4
Air Magic      | 3 7 9 |  9.0
Shields        | 3 5 |  5.5
Evocations     | 1 3 |  3.1
Armour         | 6 7 |  7.0
Stealth        | |  2.4

Action                   |  1- 3 |  4- 6 |  7- 9 | 10-12 | 13-15 | 16-18 || total
-------------------------+-------+-------+-------+-------+-------+-------++-------
Melee: Unarmed           |     1 |       |       |       |       |       ||     1
       Short sword       |       |     4 |       |       |       |       ||     4
 Fire: Blowgun           |       |       |       |     3 |     2 |       ||     5
 Cast: Magic Dart        |    51 |    89 |   145 |   337 |   475 |     1 ||  1098
       Searing Ray       |       |    11 |    13 |     1 |     1 |       ||    26
       Dazzling Spray    |       |       |     1 |     4 |     3 |       ||     8
       Iskenderun's Batt |       |       |    20 |    92 |   220 |     5 ||   337
       Iskenderun's Myst |       |       |     6 |    73 |   473 |    19 ||   571
       Summon Lightning  |       |       |       |    34 |    24 |       ||    58
       Freezing Cloud    |       |       |       |       |    47 |     2 ||    49
       Orb of Destructio |       |       |       |       |    26 |     3 ||    29
       Regeneration      |       |       |       |       |     1 |       ||     1
Evoke: Wand              |       |       |       |     3 |     6 |     1 ||    10
       Box of beasts     |       |       |       |     1 |       |       ||     1
       Phantom mirror    |       |       |       |       |     1 |       ||     1
  Use: Scroll            |       |    13 |     1 |     9 |    26 |     3 ||    52
       Potion            |       |       |       |       |    11 |       ||    11
  Eat: Chunk             |       |     6 |    11 |    31 |    43 |       ||    91
       Fruit             |       |       |     1 |     3 |     8 |       ||    12
       Bread ration      |       |       |       |       |     6 |     1 ||     7
       Pizza             |       |       |       |       |     1 |       ||     1
Armor: Robe              |     1 |     3 |     4 |    25 |    37 |       ||    70
       Leather armour    |       |       |       |       |    62 |     5 ||    67
Dodge: Dodged            |     2 |    19 |    22 |    73 |   306 |    16 ||   438
Block: Other             |     1 |       |     4 |    14 |    22 |       ||    41
       Reflection        |       |       |       |     1 |     2 |       ||     3
       Buckler           |       |       |       |       |    97 |     4 ||   101
       Rpst.: Blowgun    |       |       |       |       |     2 |       ||     2
